 Dungeon Crawl Stone Soup version 0.21.1-1-g345015fe64 (webtiles) character file.

76 Htamos the Chopper (level 4, -1/58 HPs)
             Began as a Minotaur Berserker on July 7, 2018.
             Was a Believer of Trog.
             Slain by an adder (4 damage)
             ... on level 3 of the Dungeon.
             The game lasted 00:02:58 (1894 turns).

Htamos the Chopper (Minotaur Berserker)             Turns: 1894, Time: 00:02:58

Health: -1/58      AC: 11    Str: 27    XL:     4   Next: 12%
Magic:  3/3        EV:  8    Int:  4    God:    Trog [**....]
Gold:   63         SH:  0    Dex: 10    Spells: 3/3 levels left

rFire    . . .     SeeInvis .   a - +1 hand axe
rCold    . . .     Gourm    .   (no shield)
rNeg     . . .     Faith    .   g - +0 plate armour
rPois    .         Spirit   .   (helmet restricted)
rElec    .         Reflect  .   (no cloak)
rCorr    .         Harm     .   (no gloves)
MR       .....                  (no boots)
Stlth    ..........             (no amulet)
HPRegen  0.19/turn              (no ring)
MPRegen  0.08/turn              (no ring)

@: berserking, starving, very quick
A: retaliatory headbutt, horns 2
a: Berserk, Trog's Hand, Burn Spellbooks, Renounce Religion


You were on level 3 of the Dungeon.
You worshipped Trog.
Trog was pleased with you.
You were starving.

You visited 1 branch of the dungeon, and saw 3 of its levels.

You collected 63 gold pieces.

Inventory:

Hand Weapons
 a - a +1 hand axe (weapon)
 h - a -1 hand axe
Armour
 g - a +0 plate armour (worn)
Scrolls
 b - a scroll of remove curse
Potions
 d - a potion of mutation
Comestibles
 c - 6 rations


   Skills:
 - Level 3.6 Fighting
 + Level 6.1 Axes
 - Level 2.4 Armour
 - Level 2.1 Dodging


You had 3 spell levels left.
You didn't know any spells.

Dungeon Overview and Level Annotations

Branches:
Dungeon (3/15)

Altars:
Ashenzari
Dithmenos
Sif Muna
Yredelemnul
The Shining One


Innate Abilities, Weirdness & Mutations

You reflexively headbutt those who attack you in melee.
You have a pair of horns on your head.


Message History

The jackal bites you but does no damage.
The orc priest looks encouraged for a moment.
The adder barely misses you.
The jackal bites you but does no damage.
Unknown command.
You barely miss the jackal.
You kill the jackal!
Trog accepts your kill.
You barely miss the orc. You miss the adder.
The adder bites you but does no damage.
The kobold throws a stone.
The stone barely misses you.
You slash the adder! Your headbutt misses the adder.
The adder is almost dead.
You slash the orc!
You kill the orc!
Trog accepts your kill.
You barely miss the adder. Your headbutt misses the adder.
The adder is almost dead.
The adder bites you.
You die...

#.........).#.# #.#
#...........#.###.########
#.........................
#........####..##.######..
##.......# ##.##.#
#.....oS# ##.##.#
###...#.# ##...#.#
#.oS#o###.S....#
##K.#.o.K..@..(#
#..#####.)...## #.o#
##...## #.o# ##.## #..#
#.# #..# #.# #..#######.#
#####...........
#...........###.###


You could see an orc priest, an adder, an orc and a kobold.

Vanquished Creatures
  An adder (D:2)
  2 worms (D:2)
  A dart slug (D:1)
  2 leopard geckos
  An orc (D:3)
  2 ball pythons (D:1)
  6 bats
  2 giant cockroaches
  7 goblins
  10 hobgoblins
  5 jackals
  A quokka (D:2)
  3 frilled lizards
  4 kobolds
  2 rats
49 creatures vanquished.

Notes
Turn   | Place    | Note
-------+----------+-------------------------------------------
     0 | D:1      | Htamos the Minotaur Berserker began the quest for the Orb.
     0 | D:1      | Reached XP level 1. HP: 19/19 MP: 0/0
   472 | D:1      | Reached skill level 4 in Axes
   507 | D:1      | Reached XP level 2. HP: 26/26 MP: 1/1
   838 | D:1      | Reached skill level 5 in Axes
   862 | D:1      | Reached XP level 3. HP: 31/31 MP: 2/2
  1313 | D:2      | Reached ** piety under Trog
  1549 | D:2      | Found a shattered altar of Ashenzari.
  1563 | D:2      | Found a glowing golden altar of the Shining One.
  1566 | D:2      | Found a basalt altar of Yredelemnul.
  1640 | D:2      | Found a shadowy altar of Dithmenos.
  1698 | D:2      | Found a deep blue altar of Sif Muna.
  1823 | D:3      | Reached skill level 6 in Axes
  1823 | D:3      | Reached XP level 4. HP: 38/39 MP: 3/3
  1894 | D:3      | Slain by an adder

Skill      XL: |  1  2  3 |
---------------+----------+-----
Axes           | 4 5 6 |  6.1
Fighting       | |  3.6
Armour         | |  2.4
Dodging        | |  2.1

Action                   |  1- 3 |  4- 6 || total
-------------------------+-------+-------++-------
Melee: Hand axe          |   101 |    14 ||   115
       Headbutt          |    10 |     3 ||    13
Invok: Berserk           |       |     1 ||     1
  Use: Scroll            |     3 |     2 ||     5
       Potion            |       |     1 ||     1
  Eat: Chunk             |     2 |       ||     2
Armor: Animal skin       |     2 |       ||     2
       Plate armour      |    49 |    24 ||    73
Dodge: Dodged            |    43 |    11 ||    54
